 Dungeon Crawl Stone Soup version 0.21.1-1-g345015fe64 (webtiles) character file.

17 Ivernyr the Charmwright (level 2, -4/22 HPs)
             Began as a Demonspawn Skald on Apr 26, 2018.
             Slain by a kobold
             ... wielding a +0 dagger
              (5 damage)
             ... on level 1 of the Dungeon.
             The game lasted 00:02:10 (274 turns).

Ivernyr the Charmwright (Demonspawn Skald)           Turns: 274, Time: 00:02:11

Health: -4/22      AC:  3    Str: 11    XL:     2   Next: 44%
Magic:  2/5        EV: 11    Int: 14    God:
Gold:   18         SH:  0    Dex: 12    Spells: 0/5 levels left

rFire    . . .     SeeInvis .   a - +0 falchion
rCold    . . .     Gourm    .   (no shield)
rNeg     . . .     Faith    .   b - +0 leather armour
rPois    .         Spirit   .   (no helmet)
rElec    .         Reflect  .   (no cloak)
rCorr    .         Harm     .   (no gloves)
MR       .....                  (no boots)
Stlth    +.........             (no amulet)
HPRegen  0.07/turn              (no ring)
MPRegen  0.09/turn              (no ring)

@: very slightly contaminated
A: talons 1
a: no special abilities


You were on level 1 of the Dungeon.
You were not hungry.

You visited 1 branch of the dungeon, and saw 1 of its levels.

You collected 18 gold pieces.

Inventory:

Hand Weapons
 a - a +0 falchion (weapon)
Armour
 b - a +0 leather armour (worn)
Scrolls
 f - a scroll of magic mapping {unknown}
 g - a scroll of remove curse {unknown}
Potions
 e - 2 potions of mutation {unknown}
Books
 c - a book of Battle

   Spells                             Type                      Level
   a - Infusion                       Charms                       1
   b - Shroud of Golubria             Charms/Translocation         2
   c - Song of Slaying                Charms                       2
   d - Spectral Weapon                Hexes/Charms                 3
   e - Regeneration                   Charms/Necromancy            3
Comestibles
 d - 3 rations


   Skills:
 + Level 2.2 Fighting
 + Level 2.0 Long Blades
 * Level 1.5 Armour
 - Level 1.7 Dodging
 - Level 2.0 Spellcasting
 + Level 2.8 Charms


You couldn't memorise any spells.
You knew the following spells:

 Your Spells              Type           Power        Failure   Level  Hunger
a - Shroud of Golubria    Chrm/Tloc      #.........   26%         2    ###....
b - Song of Slaying       Chrm           #.......     14%         2    ###....
c - Infusion              Chrm           #...         10%         1    ##.....


Dungeon Overview and Level Annotations

Branches:
Dungeon (1/15)

Altars:


Innate Abilities, Weirdness & Mutations

You have sharp toenails.


Message History

The rat barely misses you.
You riposte.
You barely miss the rat.
The rat is moderately wounded.
You slash the rat!
You kill the rat!
The kobold hits you with a dagger.
* * * LOW HITPOINT WARNING * * *
Your shroud falls apart!
You barely miss the kobold. You claw the kobold, but do no damage.
The kobold hits you with a dagger.
* * * LOW HITPOINT WARNING * * *
You closely miss the kobold. Your kick misses the kobold.
The kobold hits you but does no damage.
You hit the kobold. Your kick misses the kobold.
The kobold is heavily wounded.
The kobold hits you with a dagger.
* * * LOW HITPOINT WARNING * * *
You hit the kobold. Your kick misses the kobold.
The kobold is severely wounded.
The kobold hits you with a dagger.
You die...

############...........
#..........#........#.#
#...................#..
#......................
#......................
#..........#...........
#.........#############
####.#K#### #.#@####
###.#....#PP♣P P.


PPP♣ #....##### P♣P♣.♣♣..P♣ #....# ### PPPP..♣P♣P #....# #.# ♣♣PPPP♣P♣PP
#....###.# ♣PP.PPPPP♣ #........# PPP♣.PPPP♣♣ #....###.#############
#....##............... You could see a kobold.

Vanquished Creatures
  4 hobgoblins (D:1)
  7 jackals (D:1)
  3 rats (D:1)
14 creatures vanquished.

Notes
Turn   | Place    | Note
-------+----------+-------------------------------------------
     0 | D:1      | Ivernyr the Demonspawn Skald began the quest for the Orb.
     0 | D:1      | Reached XP level 1. HP: 16/16 MP: 3/3
    66 | D:1      | Reached skill level 1 in Armour
   133 | D:1      | Gained mutation: You have sharp toenails. [demonic ancestry]
   133 | D:1      | Reached XP level 2. HP: 21/22 MP: 0/5
   137 | D:1      | Learned a level 2 spell: Song of Slaying
   140 | D:1      | Learned a level 2 spell: Shroud of Golubria
   273 | D:1      | HP: 1/22 [kobold/dagger (1)]
   274 | D:1      | Slain by a kobold

Skill      XL: |  1  2 |
---------------+-------+-----
Armour         | 1 |  1.5
Long Blades    | 2 |  2.0
Fighting       | |  2.2
Dodging        | |  1.7
Spellcasting   | |  2.0
Charms         | |  2.8

Action                   || total
-------------------------++-------
Melee: Falchion          ||    32
       Kick              ||     4
 Cast: Infusion          ||     1
       Shroud of Golubri ||     1
 Stab: Distracted        ||     1
Armor: Leather armour    ||    12
Dodge: Dodged            ||    28
       Rpst.: Falchion   ||    13
